 Dungeon Crawl Stone Soup version 0.28-a0-828-g0121872642 (webtiles) character file.

Game seed: 16376416237809506423

639 YakumoRising the Skirmisher (level 7, -5/64 HPs)
             Began as a Minotaur Fighter on Nov 10, 2021.
             Succumbed to lunkers's ghost's dark miasma
             ... on level 4 of the Dungeon.
             The game lasted 00:22:59 (4214 turns).

YakumoRising the Skirmisher (Minotaur Fighter)      Turns: 4214, Time: 00:23:00

Health: -5/64      AC:  7    Str: 22    XL:     7   Next: 25%
Magic:  6/6        EV:  7    Int:  5    God:
Gold:   190        SH:  8    Dex: 10    Spells: 6/6 levels left

rFire   . . .      SeeInvis .   a - +0 war axe
rCold   . . .      Faith    .   p - +0 kite shield
rNeg    . . .      Spirit   .   b - +0 scale mail
rPois   .          Reflect  .   (helmet restricted)
rElec   .          Harm     .   (no cloak)
rCorr   .          Rampage  .   (no gloves)
Will    +....                   (no boots)
Stlth   ..........              (no amulet)
HPRegen 0.20/turn               i - ring of willpower
MPRegen 0.10/turn               (no ring)

@: lethally poisoned (-5 -> -41)
A: horns 2, retaliatory headbutt
a: no special abilities


You were on level 4 of the Dungeon.
You visited 1 branch of the dungeon, and saw 4 of its levels.

You collected 190 gold pieces.

Inventory:

Hand Weapons
 a - a +0 war axe (weapon)
 g - a +0 hunting sling
Missiles
 k - 66 stones (quivered)
 t - 17 bolts
Armour
 b - a +0 scale mail (worn)
 c - a +0 buckler
 p - a +0 kite shield (worn)
Jewellery
 i - a ring of willpower (left hand)
Scrolls
 m - a scroll of magic mapping {unknown}
 q - a scroll of enchant weapon {unknown}
 r - a scroll of enchant armour {unknown}
 s - a scroll of amnesia {unknown}
Potions
 d - a potion of might
 e - a potion of cancellation
 f - a potion of mutation {unknown}
 h - a potion of lignification
 j - a potion of attraction {unknown}
 l - a potion of haste {unknown}
 n - 2 potions of curing
 o - a potion of heal wounds {unknown}
 u - a potion of ambrosia {unknown}


   Skills:
 * Level 6.5 Fighting
 * Level 5.9 Axes
 + Level 5.4 Armour
 + Level 5.2 Shields


You had 6 spell levels left.
You didn't know any spells.
Your spell library contained the following spells:

 Spells                   Type           Power      Damage    Failure   Level
 Passwall                 Tmut/Erth      0%         N/A       100%        2
 Sublimation of Blood     Necr           0%         N/A       100%        2
 Swiftness                Air            0%         N/A       100%        3
 Petrify                  Tmut/Erth      0%         N/A       100%        4
 Irradiate                Conj/Tmut      0%         3d13      100%        5


Dungeon Overview and Level Annotations

Branches:
Dungeon (4/15)
 Temple: D:4-7

Altars:

Annotations:
D:4 lunkers's ghost, novice DjCA


Innate Abilities, Weirdness & Mutations

You have a pair of horns on your head.
You reflexively headbutt those who attack you in melee.


Message History

Aim: lunkers's ghost, wielding a weapon of electrocution (lightly damaged, about 45% to evade your +0 war axe)
Okay, then.
You slash the kobold!
You kill the kobold!
You hit lunkers's ghost. You block lunkers's ghost's attack.
Lunkers's ghost hits you.
You are electrocuted!
You closely miss lunkers's ghost.
Lunkers's ghost is lightly damaged.
Lunkers's ghost completely misses you.
You slash lunkers's ghost!
Lunkers's ghost is moderately damaged.
Lunkers's ghost hits you. Lunkers's ghost casts a spell at you.
You easily resist.
You hit lunkers's ghost but do no damage.
Lunkers's ghost is moderately damaged.
Lunkers's ghost points at you and mumbles some strange words.
You easily resist.
You hit lunkers's ghost. You headbutt lunkers's ghost!
Lunkers's ghost is heavily damaged.
Lunkers's ghost gestures wildly while chanting.
You smell decay.
You barely miss lunkers's ghost.
Lunkers's ghost is heavily damaged.
You are engulfed in dark miasma.
You are poisoned.
You feel extremely sick. Lunkers's ghost barely misses you.
You furiously retaliate!
You headbutt lunkers's ghost, but do no damage.
You block lunkers's ghost's attack.
You closely miss lunkers's ghost.
Lunkers's ghost is heavily damaged.
You are engulfed in dark miasma.
You are lethally poisoned!
* * * LOW HITPOINT WARNING * * *
x2 You feel extremely sick.
You block lunkers's ghost's attack.
Okay, then.
You enter the transporter and appear at another place.
You die...

.........................#
..)###.#.#######.....(.......#.>#
....##.#.# #.................#
.......# # #...#########...#.#
....#### #..##.......##.....
...## #..#8.......8#....# #.##
######..#..?......#....# #.#
........#.........#..#.# #.#
#..@#....©....#§.... #.#
##.W#.........#..#.# #.#
#..#.........#..#.# #.#
#..#8.).....8#..... #.#
#..##°......##....# #.#
#...#########.....# #.#
#.................# #.#
##.............#... #.#
(...#########.##..#


You could see lunkers's ghost.

Vanquished Creatures
  Grinder (D:4)
  An ogre (D:4)
  A scorpion (D:4)
  A jelly (D:4)
  An orc priest (D:3)
  A hound (D:4)
  A bullfrog skeleton (D:4)
  2 orc wizards (D:4)
  A howler monkey zombie (D:4)
  5 adders
  An ufetubus (D:4)
  A worm (D:2)
  2 dart slugs
  6 orcs
  3 ball pythons (D:1)
  6 bats
  7 endoplasms
  2 giant cockroaches
  5 hobgoblins
  3 jackals (D:1)
  10 kobolds
  4 quokkas
  A frilled lizard (D:3)
  3 goblins
  3 rats
72 creatures vanquished.

Notes
Turn   | Place    | Note
-------+----------+-------------------------------------------
     0 | D:1      | YakumoRising the Minotaur Fighter began the quest for the
                  | Orb.
     0 | D:1      | Reached XP level 1. HP: 19/19 MP: 0/0
   224 | D:1      | Reached XP level 2. HP: 27/27 MP: 1/1
   603 | D:1      | Reached skill level 4 in Fighting
  1065 | D:2      | Reached XP level 3. HP: 29/33 MP: 2/2
  1936 | D:3      | Reached XP level 4. HP: 41/41 MP: 3/3
  2846 | D:3      | You fall into a shaft and drop 1 floor!
  2848 | D:4      | Noticed a scorpion
  2861 | D:4      | Killed a scorpion
  2862 | D:4      | Reached skill level 5 in Fighting
  2862 | D:4      | Reached XP level 5. HP: 18/48 MP: 4/4
  3256 | D:4      | Reached XP level 6. HP: 43/56 MP: 5/5
  3384 | D:4      | Noticed Grinder
  3391 | D:4      | Paralysed by Grinder for 7 turns
  3407 | D:4      | Paralysed by Grinder for 7 turns
  3431 | D:4      | Killed Grinder
  3432 | D:4      | Reached skill level 6 in Fighting
  3432 | D:4      | Reached skill level 5 in Axes
  3432 | D:4      | Reached skill level 5 in Armour
  3432 | D:4      | Reached skill level 5 in Shields
  3674 | D:4      | Reached XP level 7. HP: 24/64 MP: 6/6
  3887 | D:4      | Noticed lunkers's ghost (novice DjCA)
  4068 | D:4      | Found a transporter.
  4075 | D:4      | Found a transporter.
  4213 | D:4      | HP: 3/64 [poisoned by lunkers's ghost (dark miasma)]
  4214 | D:4      | Succumbed to lunkers's ghost's dark miasma

Illustrated notes

Levels and vault maps discovered:
D:1:      dpeg_arrival_pits, layout_basic, minmay_small_reverse_x
D:2:      layout_loops_ring, kennysheep_another_room
D:3:      layout_basic
D:4:      layout_loops_ring, kennysheep_little_box, gammafunk_ghost_arena,
          uniq_pikel, uniq_grinder, uniq_menkaure

Skill      XL: |  1  2  3  4  5  6 |
---------------+-------------------+-----
Fighting       | 4 5 6 |  6.5
Axes           | 3 4 5 |  5.9
Armour         | 4 5 |  5.4
Shields        | 4 5 |  5.2

Action                   |  1- 3 |  4- 6 |  7- 9 || total
-------------------------+-------+-------+-------++-------
Melee: War axe           |    80 |   103 |    22 ||   205
       Headbutt          |     7 |    15 |     5 ||    27
Throw: Stone             |       |     7 |       ||     7
  Use: Scroll            |       |     3 |       ||     3
       Potion            |       |     2 |       ||     2
Armor: Scale mail        |    36 |    41 |     6 ||    83
       Skin              |       |     3 |       ||     3
Dodge: Dodged            |    34 |    26 |     7 ||    67
Block: Buckler           |     7 |       |       ||     7
       Kite shield       |    13 |    33 |     6 ||    52

Table legend: (Time is in decaauts)
 A = Elapsed time spent in this place.
 B = Non-inter-level travel time spent in this place.
 C = Inter-level travel time spent in this place.
 D = Time resting spent in this place.
 E = Time spent auto-exploring this place.
 F = Levels seen in this place.
 G = Mean time per level.
                   A        B        C        D        E       F      G
               +--------+--------+--------+--------+--------+-----+--------+
         Total |   4312 |   4270 |     42 |    486 |   2913 |   4 | 1078.0 |
       Dungeon |   4312 |   4270 |     42 |    486 |   2913 |   4 | 1078.0 |
               +--------+--------+--------+--------+--------+-----+--------+

Top non-repeatable levels by time:
     D:4: 1382 daAuts
     D:1: 1016 daAuts
     D:3: 966 daAuts
     D:2: 947 daAuts
